 Dungeon Crawl Stone Soup version 0.21-a0-283-g622b906 (webtiles) character file.

20454 Jor the Unseen (level 12, -4/60 HPs)
             Began as a Spriggan Enchanter on Sept 25, 2017.
             Was a High Priest of Dithmenos.
             Slain by a catoblepas (16 damage)
             ... on level 13 of the Dungeon.
             The game lasted 00:36:59 (19259 turns).

Jor the Unseen (Spriggan Enchanter)                Turns: 19259, Time: 00:37:00

Health: -4/60      AC:  7    Str:  7    XL:     12   Next: 45%
Magic:  15/27      EV: 26    Int: 19    God:    Dithmenos [*****.]
Gold:   931        SH:  0    Dex: 16    Spells: 20/32 levels left

rFire    + . .     SeeInvis +   I - +5 dagger (venom)
rCold    . . .     Gourm    .   (shield restricted)
rNeg     . . .     Faith    .   b - +2 robe
rPois    .         Spirit   .   (helmet restricted)
rElec    .         Reflect  .   v - +2 cloak
rCorr    .         Harm     .   (gloves unavailable)
MR       +++..                  (boots unavailable)
Stlth    +++++++++.             h - amulet of rage
HPRegen  0.20/turn              k - ring of protection from fire
MPRegen  0.20/turn              l - ring of protection from magic

@: wreathed by umbra, very quick
A: unfitting armour, see invisible, herbivore 3, speed 3, slow metabolism 2
a: Shadow Step, Shadow Form, Renounce Religion, Evoke Berserk Rage


You were on level 13 of the Dungeon.
You worshipped Dithmenos.
Dithmenos was extremely pleased with you.
You were full.

You visited 2 branches of the dungeon, and saw 14 of its levels.
You also visited: Sewer.

You collected 931 gold pieces.

Inventory:

Hand Weapons
 p - a +3 dagger of freezing
 D - a +1 dagger of draining
 F - a +2 dagger of protection
 I - a +5 dagger of venom (weapon)
Missiles
 i - a throwing net (quivered)
Armour
 b - a +2 robe (worn)
 v - a +2 cloak (worn)
Jewellery
 a - the amulet "Buimih" {Gourm rC++ Str-2 SInv}
   (You found it on level 11 of the Dungeon)

   [amulet of the gourmand]

   It allows you to eat raw meat even when not hungry.
   It affects your strength (-2).
   It greatly protects you from cold.
   It lets you see invisible.
 h - an amulet of rage (around neck)
 k - a ring of protection from fire (left hand)
 l - a ring of protection from magic (right hand)
 o - an uncursed ring of fire
 w - an uncursed ring of resist corrosion
Wands
 u - a wand of acid (7/15)
 y - a wand of enslavement (9/24)
 z - a wand of enslavement (18/24)
 C - a wand of polymorph (8/24)
Scrolls
 c - 7 scrolls of remove curse
 e - 4 scrolls of teleportation
 n - a scroll of identify
 s - 2 scrolls of fog
 t - 3 scrolls of amnesia
 x - a scroll of recharging
 J - a scroll of enchant armour
Potions
 f - a potion of heal wounds
 j - 3 potions of resistance
 m - 2 potions of lignification
 q - 4 potions of haste
 r - 3 potions of flight
 B - 5 potions of curing
Books
 E - Kikubaaqudgha's Disquisition on Necromancy
   (You found it on level 6 of the Dungeon)

   Spells                             Type                      Level
   a - Pain                           Necromancy                   1
 G - a book of Callings

   Spells                             Type                      Level
   a - Summon Small Mammal            Summoning                    1
   b - Call Imp                       Summoning                    2
   c - Call Canine Familiar           Summoning                    3
   d - Summon Guardian Golem          Hexes/Summoning              3
   e - Summon Lightning Spire         Summoning/Air                4
   f - Summon Ice Beast               Ice/Summoning                4
Comestibles
 d - 11 bread rations
 g - 2 fruits


   Skills:
 + Level 5.9 Fighting
 + Level 8.1 Short Blades
 + Level 10.7 Dodging
 + Level 17.1 Stealth
 + Level 10.7 Spellcasting
 + Level 10.8 Hexes


You had 20 spell levels left.
You knew the following spells:

 Your Spells              Type           Power        Failure   Level  Hunger
a - Ensorcelled Hibernat  Hex/Ice        ####..       1%          2    None
b - Corona                Hex            ######.      1%          1    None
c - Confuse               Hex            ######..     1%          3    None
d - Tukima's Dance        Hex            ######..     1%          3    None
e - Dazzling Spray        Conj/Hex       ####..       2%          3    None


Dungeon Overview and Level Annotations

Branches:
Dungeon (13/15)            Temple (1/1) D:7            Lair (0/6) D:10
    Orc (0/2) D:9
 Vaults: D:13-14

Altars:
Ashenzari
Cheibriados
Dithmenos
Elyvilon
Fedhas
Gozag
Hepliaklqana
Kikubaaqudgha
Makhleb
Nemelex Xobeh
Okawaru
Qazlal
Ru
Sif Muna
Trog
Uskayaw
Vehumet
Wu Jian
Xom
Yredelemnul
Zin
The Shining One

Annotations:
D:5 2 transporters


Innate Abilities, Weirdness & Mutations

You are very small and have problems with some larger weapons.
You are too small for most types of armour.
You have supernaturally acute eyesight. (SInv)
You are a herbivore.
You cover ground extremely quickly.
You need consume almost no food.


Message History

The komodo dragon is no longer blind.
The komodo dragon is engulfed in calcifying dust.
The komodo dragon is moving more slowly.
The komodo dragon barely misses you. The catoblepas gores you!!
* * * LOW HITPOINT WARNING * * *
Casting: Dazzling Spray
Confirm with . or Enter, or press ? or * to list all spells.
Aiming: Dazzling Spray
Press: ? - help, Shift-Dir - straight line, f/p - catoblepas
Aim: a catoblepas (lightly wounded, poisoned, umbra)
The spray of energy hits the catoblepas.
The catoblepas is moderately wounded.
The spray of energy misses the hound.
The hound is engulfed in calcifying dust.
The hound is moving more slowly.
The hound bites you.
* * * LOW HITPOINT WARNING * * *
The komodo dragon is engulfed in calcifying dust.
The komodo dragon stops moving altogether!
The catoblepas gores you!
You die...

#.####...# #.#
#.#......### #.#
#.#......... #.#
#..###########.#
#..............#
#.###############
#.......†....§..#
#############l###
.......h@.#
#######Y.## #..#
#..# #..# #..#
#..# #..#


You could see a catoblepas, a komodo dragon (petrified) and a hound
(petrifying).

Vanquished Creatures
  Snorg (D:11)
  3 hydras
  4 two-headed ogres
  A catoblepas (D:13)
  The ghost of loom the Cleaver, a novice MiBe of Trog (D:8)
  3 unseen horrors
  2 ugly things
  2 manticores
  A centaur zombie (D:12)
  Psyche (D:12)
  A redback zombie (D:13)
  An efreet (D:11)
  2 trolls
  4 hippogriffs
  Sigmund (D:2)
  A vampire (D:13)
  2 wyverns
  3 yaks (D:12)
  A hungry ghost (D:10)
  Menkaure (D:4)
  4 sky beasts
  A black bear (D:6)
  3 ice beasts
  6 orc warriors
  Purgy (Sewer)
  An eye of draining (D:10)
  9 ogres
  2 phantoms
  4 necrophages
  8 centaurs
  A crocodile (D:12)
  2 big kobolds
  7 bullfrogs
  9 killer bees
  5 howler monkeys
  14 wights
  4 crimson imps
  A quasit (D:11)
  7 hounds
  2 bullfrog zombies
  4 centaur skeletons
  5 orc priests
  A jelly (D:7)
  Crazy Yiuf (D:2)
  A bullfrog skeleton (D:8)
  Ijyb (D:4)
  4 iguanas
  7 worker ants
  10 orc wizards
  A hound zombie (D:9)
  2 hound skeletons
  A howler monkey zombie (D:10)
  Robin (D:2)
  A gnoll (D:8)
  A river rat (D:5)
  13 adders
  A shadow imp (D:11)
  An ooze (D:1)
  5 worms
  A dart slug (D:2)
  6 leopard geckos
  36 orcs
  6 giant cockroaches
  8 hobgoblins
  12 jackals
  5 quokkas
  16 bats
  4 frilled lizards
  25 goblins
  19 kobolds
  A leopard gecko skeleton (D:7)
  8 rats
335 creatures vanquished.

Vanquished Creatures (collateral kills)
  2 killer bees (D:10)
  2 gnolls (D:8)
  2 orcs
6 creatures vanquished.

Vanquished Creatures (others)
  2 orc wizards (D:6)
2 creatures vanquished.

Grand Total: 343 creatures vanquished

Notes
Turn   | Place    | Note
-------+----------+-------------------------------------------
     0 | D:1      | Jor the Spriggan Enchanter began the quest for the Orb.
     0 | D:1      | Reached XP level 1. HP: 9/9 MP: 5/5
   789 | D:1      | Reached XP level 2. HP: 8/13 MP: 4/7
   793 | D:1      | Learned a level 2 spell: Ensorcelled Hibernation
  1761 | D:2      | Reached XP level 3. HP: 16/16 MP: 9/9
  1766 | D:2      | Learned a level 3 spell: Confuse
  1770 | D:2      | Learned a level 3 spell: Tukima's Dance
  2091 | D:2      | Found a hide-covered altar of Uskayaw.
  2091 | D:2      | Found a burning altar of Makhleb.
  2092 | D:2      | Found an iron altar of Okawaru.
  2122 | D:2      | Noticed Sigmund
  2147 | D:2      | Killed Sigmund
  2147 | D:2      | Reached skill level 5 in Spellcasting
  2147 | D:2      | Reached skill level 5 in Hexes
  2147 | D:2      | Reached XP level 4. HP: 21/21 MP: 4/12
  2147 | D:2      | Reached XP level 5. HP: 24/24 MP: 4/13
  2389 | D:2      | Learned a level 3 spell: Dazzling Spray
  2438 | D:2      | Noticed Robin
  2693 | D:2      | Killed Robin
  3352 | D:2      | Found a sacrificial altar of Ru.
  3505 | D:2      | Found a runed door.
  3509 | D:2      | Noticed Crazy Yiuf
  3518 | D:2      | Killed Crazy Yiuf
  3518 | D:2      | Reached XP level 6. HP: 21/28 MP: 8/15
  4310 | D:3      | Reached skill level 5 in Stealth
  5659 | D:4      | Found a shattered altar of Ashenzari.
  5664 | D:4      | Found a glowing golden altar of the Shining One.
  5669 | D:4      | Found a shadowy altar of Dithmenos.
  5677 | D:4      | Reached skill level 6 in Stealth
  5677 | D:4      | Reached XP level 7. HP: 32/32 MP: 11/17
  5682 | D:4      | Became a worshipper of Dithmenos the Shadowed
  5694 | D:4      | Found a hazy altar of Hepliaklqana.
  5833 | D:4      | Found a shadowy altar of Dithmenos.
  5918 | D:4      | Noticed Menkaure
  5930 | D:4      | Killed Menkaure
  5930 | D:4      | Reached skill level 7 in Stealth
  5946 | D:4      | Reached skill level 8 in Stealth
  6203 | D:4      | Noticed Ijyb
  6250 | D:4      | Killed Ijyb
  6702 | D:5      | Entered Level 5 of the Dungeon
  6774 | D:5      | Found a transporter.
  6800 | D:5      | Reached skill level 9 in Stealth
  6806 | D:5      | Reached skill level 10 in Stealth
  6938 | D:5      | Found a transporter.
  7101 | D:5      | Found an opulent altar of Gozag.
  7228 | D:5      | Found a bloodstained altar of Trog.
  7474 | D:5      | Reached XP level 8. HP: 36/36 MP: 18/18
  7482 | D:5      | Reached * piety under Dithmenos
  7494 | D:5      | Found a glowing drain.
  7506 | Sewer    | Entered a sewer
  7543 | Sewer    | Noticed Purgy
  7550 | Sewer    | Killed Purgy
  7550 | Sewer    | Reached skill level 11 in Stealth
  8050 | D:6      | Reached skill level 12 in Stealth
  8552 | D:6      | Reached skill level 13 in Stealth
  8562 | D:6      | Found an ancient bone altar of Kikubaaqudgha.
  8979 | D:6      | Identified Kikubaaqudgha's Disquisition on Necromancy
  8986 | D:6      | Found a deep blue altar of Sif Muna.
  9339 | D:6      | Found a radiant altar of Vehumet.
  9342 | D:6      | Reached skill level 14 in Stealth
  9732 | D:7      | Reached ** piety under Dithmenos
  9804 | D:7      | Found a staircase to the Ecumenical Temple.
  9836 | D:7      | Reached XP level 9. HP: 40/40 MP: 15/19
 10095 | Temple   | Entered the Ecumenical Temple
 10336 | D:7      | Found a stormy altar of Qazlal.
 11201 | D:8      | Reached skill level 1 in Fighting
 11807 | D:8      | Noticed loom's ghost (novice MiBe)
 11985 | D:8      | Killed loom's ghost
 11985 | D:8      | Reached skill level 5 in Dodging
 12848 | D:9      | Reached skill level 15 in Stealth
 13027 | D:9      | Found a staircase to the Orcish Mines.
 13513 | D:9      | Reached XP level 10. HP: 47/47 MP: 15/22
 13680 | D:9      | Reached *** piety under Dithmenos
 14498 | D:9      | Noticed a two-headed ogre
 14501 | D:9      | Killed a two-headed ogre
 14566 | D:10     | Entered Level 10 of the Dungeon
 15293 | D:10     | Reached skill level 5 in Short Blades
 15471 | D:10     | Noticed a two-headed ogre
 15481 | D:10     | Killed a two-headed ogre
 15596 | D:10     | Found a staircase to the Lair.
 15694 | D:10     | Reached XP level 11. HP: 53/53 MP: 24/24
 15699 | D:10     | Noticed an unseen horror
 15701 | D:10     | Killed an unseen horror
 15747 | D:10     | Reached **** piety under Dithmenos
 15765 | D:10     | Noticed a two-headed ogre
 15768 | D:10     | Killed a two-headed ogre
 15793 | D:10     | Reached skill level 16 in Stealth
 16254 | D:11     | Got a slimy ruby amulet
 16284 | D:11     | Noticed a six-headed hydra
 16314 | D:11     | Killed a six-headed hydra
 16625 | D:11     | Noticed a two-headed ogre
 16638 | D:11     | Killed a two-headed ogre
 16697 | D:11     | Noticed Snorg
 16699 | D:11     | Killed Snorg
 17316 | D:11     | Reached skill level 5 in Fighting
 17323 | D:11     | Identified the amulet "Buimih" {Gourm rC++ Str-2 SInv} (You found it on level 11 of the Dungeon)
 17388 | D:12     | Reached skill level 10 in Hexes
 17440 | D:12     | Reached skill level 10 in Spellcasting
 17590 | D:12     | Noticed Psyche
 17594 | D:12     | Noticed a five-headed hydra
 17607 | D:12     | Killed Psyche
 17856 | D:12     | Killed a five-headed hydra
 18109 | D:12     | Noticed an unseen horror
 18120 | D:12     | Killed an unseen horror
 18120 | D:12     | Reached skill level 10 in Dodging
 18120 | D:12     | Reached XP level 12. HP: 59/59 MP: 24/27
 18408 | D:12     | Noticed a four-headed hydra
 18421 | D:12     | Killed a four-headed hydra
 18848 | D:13     | Noticed a catoblepas
 18870 | D:13     | Reached ***** piety under Dithmenos
 18880 | D:13     | Killed a catoblepas
 18895 | D:13     | Reached skill level 17 in Stealth
 18948 | D:13     | Found a snail-covered altar of Cheibriados.
 19251 | D:13     | Noticed a catoblepas
 19259 | D:13     | Slain by a catoblepas

Vault maps used:
D:1:      matt_arrival_refuge, minmay_misc_feat_nine_boxes, bh_walls_and_bars
D:2:      nicolae_ru_awakened_eye, gammafunk_temple_overflow_claw, uniq_robin,
          uniq_sigmund, uniq_crazy_yiuf_cottage
D:3:      first_bread, kennysheep_potato
D:4:      kennysheep_goblin_castle, grunt_temple_overflow_cloverleaf,
          nicolae_dithmenos_through_a_glass_darkly, uniq_menkaure
D:5:      gammafunk_steamed_eel, grunt_gozag_statues, gup_sewer_entry_bubbles,
          basic_altar
D:6:      palyth_temple_overflow_mages, minivault_26, lemuel_flamethrower_2
D:7:      nicolae_qazlal_general_emergency, minmay_temple_entry_glass,
          grunt_ministairs_4
D:9:      orc_0_dummy
D:10:     lair_entry_dummy
D:11:     uniq_snorg
D:12:     uniq_psyche
D:13:     erik_vaults_2, basic_altar
Temple:   jpeg_temple_island
Sewer:    sewer_big_baddie

Skill      XL: |  1  2  3  4  5  6  7  8  9 10 11 12 |
---------------+-------------------------------------+-----
Spellcasting   | 3 5 6 7 8 10 | 10.7
Hexes          | 4 5 6 7 9 10 | 10.8
Stealth        | 6 10 14 15 16 17 | 17.1
Fighting       | 2 4 5 |  5.9
Dodging        | 5 8 10 | 10.7
Short Blades   | 3 5 7 8 |  8.1

Action                   |  1- 3 |  4- 6 |  7- 9 | 10-12 || total
-------------------------+-------+-------+-------+-------++-------
Melee: Dagger            |    77 |   181 |   469 |   365 ||  1092
 Cast: Corona            |     9 |       |       |       ||     9
       Ensorcelled Hiber |    20 |    31 |    22 |    20 ||    93
       Confuse           |     3 |     8 |    32 |    60 ||   103
       Dazzling Spray    |       |     3 |    14 |    17 ||    34
       Tukima's Dance    |       |     1 |     3 |     1 ||     5
Invok: Shadow Step       |       |       |       |     1 ||     1
 Abil: Evoke Berserk Rag |       |       |     1 |       ||     1
Evoke: Wand              |       |       |     1 |       ||     1
  Use: Scroll            |     3 |     7 |     7 |    13 ||    30
       Potion            |     1 |       |     4 |     4 ||     9
 Stab: Sleeping          |    21 |    26 |    36 |    63 ||   146
       Confused          |     1 |     6 |    16 |    32 ||    55
       Invisible         |       |     1 |     7 |    12 ||    20
       Distracted        |       |     1 |     2 |     3 ||     6
  Eat: Royal jelly       |     1 |     2 |     3 |     1 ||     7
       Fruit             |       |       |     7 |     3 ||    10
Armor: Robe              |     7 |    25 |    49 |    16 ||    97
Dodge: Dodged            |    48 |   123 |   338 |   279 ||   788

Table legend:
 A = Spawn XP
 B = Non-spawn XP
 C = Spawn XP percentage of total XP
 D = Spawn monster count
 E = Non-spawn monster count
 F = Spawn count percentage of total count
 G = Total turns spent on level
                    A         B        C        D         E        F      G
               +---------+---------+-------+---------+---------+-------+---------
         Total |       0 |   29221 |   0.0 |       0 |     343 |   0.0 | 19259
               +---------+---------+-------+---------+---------+-------+---------
           D:1 |       0 |      41 |   0.0 |       0 |      25 |   0.0 |  1854
           D:2 |       0 |     352 |   0.0 |       0 |      31 |   0.0 |  1942
           D:3 |       0 |     302 |   0.0 |       0 |      33 |   0.0 |  1788
           D:4 |       0 |     328 |   0.0 |       0 |      19 |   0.0 |  1118
           D:5 |       0 |     424 |   0.0 |       0 |      18 |   0.0 |   834
           D:6 |       0 |     957 |   0.0 |       0 |      25 |   0.0 |  1961
           D:7 |       0 |     583 |   0.0 |       0 |      12 |   0.0 |  1347
           D:8 |       0 |    1816 |   0.0 |       0 |      26 |   0.0 |  1612
           D:9 |       0 |    3179 |   0.0 |       0 |      44 |   0.0 |  1795
          D:10 |       0 |    5615 |   0.0 |       0 |      37 |   0.0 |  1662
          D:11 |       0 |    4815 |   0.0 |       0 |      22 |   0.0 |  1330
          D:12 |       0 |    6132 |   0.0 |       0 |      30 |   0.0 |  1271
          D:13 |       0 |    4541 |   0.0 |       0 |      15 |   0.0 |   430
         Sewer |       0 |     136 |   0.0 |       0 |       6 |   0.0 |    90
               +---------+---------+-------+---------+---------+-------+---------
